AoeStats
← Frank Wumbos

Arena

509527229Analyzed
1v1 RM · 6d ago on Sep 27, 2026· 23m 20s· 2 players
Game mode
Random Map
Map size
Tiny (2 player)
Population
200
Speed
Normal
Resources
Standard
Victory
Conquest
Starting age
Dark Age
Ending age
Imperial Age
RankedLock teamsTeams togetherTeam positionsShared explorationLock speedFull tech treeHidden civsTurbo modeCheats
Victory
Defeat
🇨🇱 Britons · Chile
866
+14
🇺🇸 Teutons · United States
830
-37
Frank Wumbos
11:32 Feudal Age
12:51 Wheelbarrow
12:26 Double-Bit Axe
12:23 Horse Collar
15:32 Loom
19:37 Gold Mining
20:11 Stone Mining
21:50 Padded Archer Armor
21:41 Fletching
ivan.hicil.m
10:53 Feudal Age
13:10 Double-Bit Axe
15:44 Castle Age
15:44 Loom
17:06 Bow Saw
20:01 Fletching
20:48 Horse Collar
23:36 Heavy Plow
Connection lost

Rejoining the realm…

Still unreachable

The connection could not be restored.

Session expired

The server has moved on; the page needs a fresh start.